 Dungeon Sprint DCSS version 0.28.0-53-g5a82cb258f (webtiles) character file.

Game seed: 14012721054779966756

21674 Revguard the Thaumaturge (level 10, -6/87 (89) HPs)
             Began as a Demonspawn Fighter on Aug 3, 2022.
             Was a High Priest of Ru.
             Killed by the raging water
             ... invoked by a water nymph
              (32 damage)
             ... in the Dungeon (Sprint V: "Ziggurat Sprint").
             The game lasted 00:16:54 (1015 turns).

Revguard the Thaumaturge (Demonspawn Fighter)       Turns: 1015, Time: 00:16:54

HP:   -6/87 (89)    AC: 28    Str: 22    XL:     10   Next: 56%
MP:   22/35         EV: 12    Int:  9    God:    Ru [*****.]
Gold: 0             SH: 36    Dex: 25    Spells: 29/34 levels left

rFire   . . .      SeeInvis .   E - +6 shillelagh "Devastator" {shatter}
rCold   . . .      Faith    .   D - +18 shield of the Gong {rElec rN+ Will+ EV-5}
rNeg    + . .      Spirit   .   C - +15 Maxwell's patent armour {-Cast -Tele rElec Will+ rCorr}
rPois   .          Reflect  .   (no helmet)
rElec   +          Harm     .   (no cloak)
rCorr   +          Rampage  .   (no gloves)
Will    ++...      NoTele   +   (no boots)
Stlth   .......... NoCast   +   K - amulet of regeneration
HPRegen 1.04/turn               t - +6 ring of dexterity
MPRegen 0.24/turn               v - ring "Hoomelig" {rElec MP+9 EV+4 Str+3 Dex+4}

@: lethally poisoned (-6 -> -8), exhausted, studying Spellcasting, lightly
drained, very slow
A: thin metallic scales 2, no stealth, no air magic, no translocations magic, no
transmutations magic, reduced AC 1, inexperienced 1, condensation shield,
weakness stinger 2
a: Renounce Religion, Sacrifice Purity, Sacrifice Durability, Sacrifice Health,
Reject Sacrifices, Draw Out Power, Power Leap, Apocalypse


You were in the Dungeon.
You worshipped Ru.
Ru was extremely pleased with you.
You visited 1 branch

Inventory:

Hand Weapons
 c - the +10 morningstar of Doom {antimagic, Will+ Int+8}
   (You found it in the Dungeon)

   It reduces the magical energy of the wielder, and disrupts the spells and
   magical abilities of those it strikes.
   Natural abilities and divine invocations are not affected.
   Int:       It affects your intelligence (+8).
   Will:      It increases your willpower.
 E - the +6 shillelagh "Devastator" (weapon) {shatter}
   (You found it in the Dungeon)

   It releases a powerful concussive burst when it strikes, dealing extra damage
   to the target and all other foes adjacent to them.
Missiles
 H - a throwing net (quivered)
Armour
 u - the +2 shield of Resistance {rF++ rC++ Will++}
   (You found it in the Dungeon)

   rF:        It greatly protects you from fire.
   rC:        It greatly protects you from cold.
   Will:      It greatly increases your willpower.
 C - the +15 Maxwell's patent armour (worn) {-Cast -Tele rElec Will+ rCorr}
   (You found it in the Dungeon)

   rElec:     It insulates you from electricity.
   -Cast:     It prevents spellcasting.
   -Tele:     It prevents most forms of teleportation.
   rCorr:     It protects you from acid and corrosion.
   Will:      It increases your willpower.
 D - the +18 shield of the Gong (worn) {rElec rN+ Will+ EV-5}
   (You found it in the Dungeon)

   It is deafeningly noisy when blocking attacks.
   EV:        It affects your evasion (-5).
   rElec:     It insulates you from electricity.
   rN:        It protects you from negative energy.
   Will:      It increases your willpower.
Jewellery
 b - a ring of wizardry
 n - an amulet of the acrobat
 s - a ring of flight
 t - a +6 ring of dexterity (left hand)
 v - the ring "Hoomelig" (right hand) {rElec MP+9 EV+4 Str+3 Dex+4}
   (You found it in the Dungeon)

   [ring of evasion]

   EV:        It affects your evasion (+4).
   Str:       It affects your strength (+3).
   Dex:       It affects your dexterity (+4).
   rElec:     It insulates you from electricity.
   MP:        It affects your magic capacity (+9).
 x - a +6 ring of strength
 y - the ring "Moycs" {+Blink rElec Int+6}
   (You found it in the Dungeon)

   [ring of intelligence]

   Int:       It affects your intelligence (+6).
   rElec:     It insulates you from electricity.
   +Blink:    It lets you blink.
 F - a ring of resist corrosion
 G - an amulet of guardian spirit
 I - a +6 ring of intelligence
 J - a ring of protection from fire
 K - an amulet of regeneration (around neck)
Wands
 z - a wand of mindburst (7)
 A - a wand of iceblast (7)
 B - a wand of acid (7)
Scrolls
 j - 4 scrolls of blinking
 o - 4 scrolls of amnesia
 p - 7 scrolls of fog
 q - 5 scrolls of identify
 r - 2 scrolls of fear
 w - a scroll of brand weapon
Potions
 d - 6 potions of might
 e - 10 potions of curing
 f - 7 potions of heal wounds
 g - 6 potions of haste
 h - 7 potions of magic
 i - 2 potions of berserk rage
 k - 2 potions of brilliance
 l - a potion of invisibility
 m - 4 potions of resistance
Miscellaneous
 a - a tin of tremorstones (1/2)


   Skills:
 + Level 12.0 Fighting
 + Level 11.1 Maces & Flails
 + Level 11.0 Armour
 + Level 10.7 Dodging
 + Level 11.3 Shields
 * Level 12.8 Spellcasting
 + Level 12.5 Necromancy
 - Level 11.7 Invocations
 + Level 11.6 Evocations


You had 29 spell levels left.
You knew the following spells:

 Your Spells              Type           Power      Damage    Failure   Level
a - Excruciating Wounds   Necr           14%        N/A       43%         5

Your spell library contained the following spells:

 Spells                   Type           Power      Damage    Failure   Level
 Pain                     Necr           100%       1d9       1%          1
 Agony                    Necr           28%        N/A       43%         5
 Foxfire                  Conj/Fire      20%        2x1d5     96%         1
 Slow                     Hex            20%        N/A       96%         1
 Summon Small Mammal      Summ           20%        N/A       96%         1
 Call Imp                 Summ           5%         N/A       99%         2
 Call Canine Familiar     Summ           5%         N/A       100%        3
 Dazzling Flash           Conj/Hex       10%        N/A       100%        3
 Inner Flame              Hex/Fire       5%         N/A       100%        3
 Summon Guardian Golem    Hex/Summ       5%         N/A       100%        3
 Tukima's Dance           Hex            5%         N/A       100%        3
 Animate Armour           Summ/Erth      10%        N/A       100%        4
 Leda's Liquefaction      Hex/Erth       2%         N/A       100%        4
 Olgreb's Toxic Radiance  Pois           5%         N/A       100%        4
 Sticky Flame             Conj/Fire      5%         2d3       100%        4
 Fireball                 Conj/Fire      2%         3d4       100%        5
 Metabolic Englaciation   Hex/Ice        2%         N/A       100%        5
 Iron Shot                Conj/Erth      2%         9d2       100%        6
 Starburst                Conj/Fire      2%         6d3       100%        6
 Summon Cactus Giant      Summ           2%         N/A       100%        6
 Enfeeble                 Hex            2%         N/A       100%        7
 Summon Hydra             Summ           2%         N/A       100%        7
 Ignition                 Fire           2%         3d3       100%        8
 Corpse Rot               Necr/Air       Unusable   N/A       N/A         2
 Sting                    Tmut/Pois      Unusable   1d4       N/A         1
 Poisonous Vapours        Pois/Air       Unusable   N/A       N/A         2
 Ignite Poison            Fire/Tmut/Pois Unusable   N/A       N/A         3
 Portal Projectile        Hex/Tloc       Unusable   N/A       N/A         3
 Passage of Golubria      Tloc           Unusable   N/A       N/A         4
 Blade Hands              Tmut           Unusable   N/A       N/A         5
 Yara's Violent Unravell  Hex/Tmut       Unusable   3d3       N/A         5
 Statue Form              Tmut/Erth      Unusable   N/A       N/A         6

Dungeon Overview and Level Annotations

Branches:
Dungeon (1/1)

Altars:
Ashenzari
Cheibriados
Dithmenos
Elyvilon
Fedhas
Gozag
Hepliaklqana
Kikubaaqudgha
Makhleb
Nemelex Xobeh
Okawaru
Qazlal
Ru
Sif Muna
Trog
Uskayaw
Vehumet
Wu Jian
Xom
Yredelemnul
Zin
The Shining One
Beogh
Jiyva
Lugonu

Annotations:
D 1 transporter


Innate Abilities, Weirdness & Mutations

You are mostly covered in thin metallic scales. (AC +3)
You cannot be stealthy.
You cannot study or cast Air magic.
You cannot study or cast Translocations magic.
You cannot study or cast Transmutations magic.
You take slightly more damage. (AC -5)
You are somewhat inexperienced. (-2 XL)
A meltable shield of frost defends you. (SH +4)
You have a tail ending in a sharp stinger.


Message History

You block the manticore's attack.
GONNNNG!
The manticore misses you. The water nymph casts a spell at you.
The water swirls and strikes you! The snapping turtle barely misses you.
The alligator snapping turtle bites you!!
* * * LOW HITPOINT WARNING * * *
The tremorstone explodes into fragments!
The burst of rock shards engulfs the snapping turtle!
The burst of rock shards engulfs the snapping turtle but does no damage. x3
The burst of rock shards engulfs the alligator snapping turtle but does no damage.
The burst of rock shards engulfs the manticore!
The burst of rock shards engulfs the snapping turtle but does no damage.
The burst of rock shards engulfs the snapping turtle!!
The burst of rock shards engulfs the alligator snapping turtle but does no damage.
The burst of rock shards engulfs the manticore!
You kill the manticore!
The burst of rock shards engulfs the snapping turtle but does no damage.
The burst of rock shards engulfs the alligator snapping turtle but does no damage.
The burst of rock shards engulfs the snapping turtle!
You feel sick.
The merfolk javelineer throws a javelin.
The javelin pierces through you but does no damage.
The snapping turtle bites you from afar.
* * * LOW HITPOINT WARNING * * *
The water nymph casts a spell at you. The water swirls and strikes you.
* * * LOW HITPOINT WARNING * * *
The snapping turtle bites you but does no damage.
The alligator snapping turtle bites you!
* * * LOW HITPOINT WARNING * * *
You feel much better.
You feel sick.
The merfolk javelineer throws a javelin.
The javelin pierces through you.
* * * LOW HITPOINT WARNING * * *
You block the snapping turtle's attack.
GONNNNG!
The water nymph gestures at you while chanting.
The water swirls and strikes you!!
You die...

▓..)|)...▓..
▓...)....▓..
▓▓▓▓▓▓▓▓▓▓▓▓▓........▓..
▓≈...8©8....▓........▓..
▓..)|≈[|)[..▓.▓....▓.▓.▓
▓..≈[["):[≈.▓...©....▓..
▓.≈...)†...≈▓▓▓▓▓▓▓▓▓▓▓▓
▓≈..)t).m...▓...8©8...▓.
▓....tt@†≈..▓..)|.)...▓.
▓...≈.†m≈.≈.▓...[.|...▓.
▓..▓.≈≈≈≈▓..▓.....).).▓.
▓ ▓▓≈.≈▓▓ .▓......((.▓.
▓.≈▓≈.≈..▓..▓.........▓.
▓.....©.≈≈..▓......).)▓.
▓▓▓▓▓▓▓▓▓▓▓▓▓.▓.....▓.▓.
▓....8©8....▓....©....▓.
▓..).)}.)|..▓▓▓▓▓▓▓▓▓▓▓▓


You could see an alligator snapping turtle, a merfolk javelineer, 2 snapping
turtles and a water nymph.

Vanquished Creatures
  A shadow dragon (D)
  A merfolk javelineer (D)
  5 vault guards (D)
  2 hydras (D)
  A merfolk aquamancer (D)
  3 two-headed ogres (D)
  2 ugly things (D)
  3 cyclopes (D)
  A manticore (D)
  2 wolf spiders (D)
  5 toenail golems (D)
  A water nymph (D)
  A smoke demon (D)
  4 cane toads (D)
  3 komodo dragons (D)
  2 rime drakes (D)
  2 yaktaurs (D)
  A troll (D)
  2 polar bears (D)
  5 merfolk (D)
  2 wind drakes (D)
  A tarantella (D)
  2 blink frogs (D)
  A raiju (D)
  A jumping spider (D)
  3 yaks (D)
  2 basilisks (D)
  A redback (D)
  3 water moccasins (D)
  A tengu (shapeshifter) (D)
  An ogre (D)
  A boggart (shapeshifter) (D)
  3 wolves (D)
  A centaur (D)
  4 bullfrogs (D)
  4 scorpions (D)
  A crimson imp (D)
  A jelly (D)
  3 iguanas (D)
  2 river rats (D)
  An adder simulacrum (D)
  3 endoplasms (D)
  A jackal (D)
90 creatures vanquished.

Vanquished Creatures (others)
  3 stone giants (D)
  A vault guard (D)
  A merfolk avatar (D)
5 creatures vanquished.

Grand Total: 95 creatures vanquished

Notes
Turn   | Place    | Note
-------+----------+-------------------------------------------
     0 | D        | Revguard the Demonspawn Fighter began the quest for the
                  | Orb.
     0 | D        | Reached XP level 1. HP: 18/18 MP: 1/1
     0 | D        | Found a shimmering blue altar of Sif Muna.
     0 | D        | Found a bloodstained altar of Trog.
     0 | D        | Found a sacrificial altar of Ru.
     0 | D        | Found a stormy altar of Qazlal.
     0 | D        | Found an iron altar of Okawaru.
     1 | D        | Found a sparkling altar of Nemelex Xobeh.
     1 | D        | Found a blossoming altar of Fedhas.
     1 | D        | Found the +6 Majin-Bo {vamp, MP+6 Int+6}
     1 | D        | Found the +9 heavy crossbow "Sniper" {vorpal, Acc+∞ SInv}
     1 | D        | Found the +10 dark maul {vorpal}
     1 | D        | Found the +15 Maxwell's patent armour {-Cast -Tele rElec
                  | Will+ rCorr}
     1 | D        | Found the +18 shield of the Gong {rElec rN+ Will+ EV-5}
     1 | D        | Found the +14 obsidian axe {vorpal, Mesm Drain Fly SInv}
     1 | D        | Found the +7 great mace "Firestarter" {inner flame, rF++}
     1 | D        | Found the +6 shillelagh "Devastator" {shatter}
     1 | D        | Found the +11 plutonium sword {Contam Stlth-}
     1 | D        | Found the +8 lance "Wyrmbane" {slay drac, rPois rF+ rC+
                  | AC+3}
     1 | D        | Found the +9 sword of Zonguldrok {reap}
     1 | D        | Found the +13 scythe of Curses {drain, Drain}
     1 | D        | Found the +5 sword of Power {vorpal}
     1 | D        | Found the +7 mace of Variability {chain chaos}
     1 | D        | Found the +7 Singing Sword {vorpal, sonic wave}
     1 | D        | Found the +8 storm bow {elec, penet}
     3 | D        | Found a transporter.
     3 | D        | Found an ancient bone altar of Kikubaaqudgha.
     3 | D        | Found a viscous altar of Jiyva.
     3 | D        | Found a corrupted altar of Lugonu.
     3 | D        | Found a hazy altar of Hepliaklqana.
     3 | D        | Found a burning altar of Makhleb.
     3 | D        | Found an opulent altar of Gozag.
    71 | D        | Became a worshipper of Ru the Awakened
    74 | D        | Reached skill level 1 in Dodging
    74 | D        | Gained mutation: You have a small tail. [demonic ancestry]
    74 | D        | Reached XP level 2. HP: 25/25 MP: 2/4
    91 | D        | Entered arena 2.
    91 | D        | Noticed a polar bear
    91 | D        | Found a transporter.
   100 | D        | Killed a polar bear
   101 | D        | Reached skill level 5 in Fighting
   101 | D        | Reached skill level 5 in Shields
   101 | D        | Reached skill level 5 in Invocations
   101 | D        | Reached XP level 3. HP: 20/33 MP: 5/7
   101 | D        | Reached XP level 4. HP: 24/39 MP: 5/8
   101 | D        | Reached XP level 5. HP: 27/44 MP: 5/9
   217 | D        | Entered arena 3.
   217 | D        | Found the +12 glaive of Prune {vorpal}
   217 | D        | Noticed a raiju
   217 | D        | Noticed a smoke demon
   217 | D        | Found a transporter.
   221 | D        | Killed a raiju
   222 | D        | Reached skill level 5 in Maces & Flails
   222 | D        | Reached skill level 5 in Armour
   222 | D        | Reached skill level 5 in Necromancy
   222 | D        | Gained mutation: You are partially covered in thin metallic
                  | scales. (AC +2) [demonic ancestry]
   222 | D        | Reached XP level 6. HP: 52/52 MP: 9/11
   222 | D        | Killed a smoke demon
   223 | D        | Reached skill level 5 in Evocations
   223 | D        | Reached XP level 7. HP: 59/59 MP: 9/12
   224 | D        | Reached skill level 5 in Dodging
   232 | D        | Gained mutation: You cannot be stealthy. [Ru sacrifice]
   236 | D        | Entered arena 4.
   236 | D        | Found a transporter.
   248 | D        | Entered arena 5.
   248 | D        | Noticed a brown ugly thing
   248 | D        | Noticed a cyan ugly thing
   248 | D        | Found a transporter.
   256 | D        | Killed a cyan ugly thing
   257 | D        | Reached skill level 1 in Spellcasting
   257 | D        | Gained mutation: You have a tail ending in a sharp stinger.
                  | [demonic ancestry]
   257 | D        | Reached XP level 8. HP: 62/67 MP: 12/14
   261 | D        | Killed a green ugly thing
   267 | D        | Entered arena 6.
   267 | D        | Noticed a toenail golem
   267 | D        | Noticed a toenail golem
   267 | D        | Noticed a toenail golem
   267 | D        | Noticed a toenail golem
   267 | D        | Noticed a toenail golem
   267 | D        | Found a transporter.
   272 | D        | Killed a toenail golem
   273 | D        | Gained mutation: You are mostly covered in thin metallic
                  | scales. (AC +3) [demonic ancestry]
   273 | D        | Reached XP level 9. HP: 61/73 MP: 14/16
   274 | D        | Killed a toenail golem
   274 | D        | Killed a toenail golem
   275 | D        | Reached skill level 10 in Invocations
   278 | D        | Killed a toenail golem
   278 | D        | Killed a toenail golem
   289 | D        | Entered arena 7.
   289 | D        | Noticed a two-headed ogre
   289 | D        | Noticed a two-headed ogre
   289 | D        | Noticed a cyclops
   289 | D        | Noticed a troll
   289 | D        | Noticed a two-headed ogre
   290 | D        | Found a transporter.
   293 | D        | Killed a two-headed ogre
   294 | D        | Gained mutation: A meltable shield of frost defends you.
                  | (SH +4) [demonic ancestry]
   294 | D        | Reached XP level 10. HP: 74/82 MP: 16/18
   298 | D        | Killed a cyclops
   298 | D        | Killed a two-headed ogre
   299 | D        | Reached skill level 5 in Spellcasting
   299 | D        | Killed a two-headed ogre
   306 | D        | Gained mutation: You are somewhat inexperienced. (-2 XL)
                  | [Ru sacrifice]
   306 | D        | Reached XP level 9. HP: 35/76 MP: 17/17
   306 | D        | Reached XP level 8. HP: 35/71 MP: 16/16
   306 | D        | Reached * piety under Ru
   306 | D        | Reached ** piety under Ru
   306 | D        | Reached *** piety under Ru
   316 | D        | Got the +10 morningstar of Doom {antimagic, Will+ Int+8}
   474 | D        | Entered arena 8.
   475 | D        | Found a transporter.
   497 | D        | Entered arena 9.
   497 | D        | Noticed a cyclops
   497 | D        | Noticed a cyclops
   498 | D        | Found a transporter.
   508 | D        | Killed a cyclops
   509 | D        | Killed a cyclops
   511 | D        | Reached skill level 10 in Necromancy
   518 | D        | Reached XP level 9. HP: 21/78 MP: 5/18
   766 | D        | Entered arena 10.
   766 | D        | Noticed an eight-headed hydra
   767 | D        | Found a transporter.
   772 | D        | Reached skill level 10 in Fighting
   772 | D        | Killed an eight-headed hydra
   777 | D        | Gained mutation: You cannot study or cast Air magic. [Ru
                  | sacrifice]
   777 | D        | Gained mutation: You cannot study or cast Transmutations
                  | magic. [Ru sacrifice]
   777 | D        | Gained mutation: You cannot study or cast Translocations
                  | magic. [Ru sacrifice]
   777 | D        | Reached **** piety under Ru
   805 | D        | Entered arena 11.
   805 | D        | Found the +2 shield of Resistance {rF++ rC++ Will++}
   805 | D        | Noticed a wolf spider
   805 | D        | Noticed a wolf spider
   806 | D        | Found a transporter.
   812 | D        | Killed a wolf spider
   815 | D        | Killed a wolf spider
   816 | D        | Reached skill level 10 in Evocations
   823 | D        | Reached skill level 10 in Shields
   830 | D        | Got the Tome of the Unholy Entourage
   849 | D        | Entered arena 12.
   851 | D        | Found a transporter.
   863 | D        | Reached skill level 10 in Maces & Flails
   870 | D        | Got the ring "Hoomelig" {rElec MP+9 EV+4 Str+3 Dex+4}
   898 | D        | Learned a level 5 spell: Excruciating Wounds
   898 | D        | Entered arena 13.
   898 | D        | Noticed a five-headed hydra
   900 | D        | Found a transporter.
   902 | D        | Reached skill level 10 in Armour
   905 | D        | Killed a five-headed hydra
   914 | D        | Gained mutation: You take slightly more damage. (AC -5) [Ru
                  | sacrifice]
   914 | D        | Reached ***** piety under Ru
   927 | D        | Got Ruosyerr's Compendium of the Oath and Snow
   929 | D        | Got the Handbook of Hexes
   932 | D        | Got the ring "Moycs" {+Blink rElec Int+6}
   936 | D        | Entered arena 14.
   937 | D        | Noticed a shadow dragon
   937 | D        | Noticed a vault guard
   937 | D        | Noticed a vault guard
   937 | D        | Noticed a vault guard
   937 | D        | Noticed a stone giant
   937 | D        | Noticed a stone giant
   937 | D        | Noticed a vault guard
   938 | D        | Noticed a vault guard
   938 | D        | Noticed a vault guard
   938 | D        | Noticed a stone giant
   940 | D        | Found a transporter.
   946 | D        | Killed a vault guard
   947 | D        | Reached skill level 10 in Spellcasting
   948 | D        | Killed a vault guard
   951 | D        | Killed a stone giant
   952 | D        | Reached skill level 10 in Dodging
   952 | D        | Reached XP level 10. HP: 88/88 MP: 24/24
   956 | D        | Killed a vault guard
   957 | D        | Killed a stone giant
   959 | D        | Killed a stone giant
   960 | D        | Killed a vault guard
   965 | D        | Killed a vault guard
   974 | D        | Killed a vault guard
   976 | D        | Killed a shadow dragon
   991 | D        | Got the Collected Works on Earth and the Volcanoes
  1002 | D        | Entered arena 15.
  1003 | D        | Noticed a merfolk avatar
  1003 | D        | Noticed a merfolk javelineer
  1003 | D        | Noticed an alligator snapping turtle
  1003 | D        | Identified the ring of Ryreunk {Fly rC+ Str+3}
  1003 | D        | Noticed a merfolk javelineer
  1005 | D        | Noticed a merfolk aquamancer
  1006 | D        | Found a transporter.
  1010 | D        | Killed a merfolk javelineer
  1010 | D        | Killed a merfolk aquamancer
  1011 | D        | Killed a merfolk avatar
  1015 | D        | Killed from afar by a water nymph

Illustrated notes

Levels and vault maps discovered:
D:        sprint_v [room_start, room_1, room_2, room_3, room_4, room_5, room_6,
          room_7, room_8, room_9, room_10, room_11, room_12, room_13, room_14,
          room_15, room_16, room_17, room_18, room_19, room_20, room_21,
          room_22, room_23, room_24, room_25, room_26, room_27]

Skill      XL: |  1  2  3  4  5  6  7  8  9 10 |
---------------+-------------------------------+-----
Maces & Flails | 3 4 5 6 9 10 11 | 11.1
Armour         | 3 4 5 6 9 10 11 | 11.0
Dodging        | 1 3 4 5 6 10 8 | 10.7
Shields        | 4 5 6 7 9 10 11 | 11.3
Necromancy     | 2 4 5 6 7 10 11 12 | 12.5
Invocations    | 2 5 6 7 8 9 10 11 | 11.7
Evocations     | 2 3 4 5 6 9 10 11 | 11.6
Fighting       | 5 6 7 11 12 | 12.0
Spellcasting   | 1 6 10 12 | 12.8

Action                   |  1- 3 |  4- 6 |  7- 9 | 10-12 || total
-------------------------+-------+-------+-------+-------++-------
Melee: Shillelagh        |     8 |     3 |    97 |    27 ||   135
       Tailslap          |     2 |       |    14 |     4 ||    20
       Morningstar       |       |       |       |     5 ||     5
Invok: Sacrifice Stealth |       |       |     1 |       ||     1
       Sacrifice Experie |       |       |     1 |       ||     1
       Draw Out Power    |       |       |     1 |     2 ||     3
       Sacrifice Health  |       |       |     1 |       ||     1
       Sacrifice Arcana  |       |       |     1 |       ||     1
Evoke: Tin of tremorston |       |       |     1 |     3 ||     4
  Use: Potion            |     1 |       |     4 |     2 ||     7
 Stab: Invisible         |       |       |     1 |     2 ||     3
Armor: Plate armour      |    13 |     4 |    57 |    28 ||   102
Dodge: Dodged            |       |     2 |    24 |    12 ||    38
Block: Kite shield       |    21 |     8 |   200 |   104 ||   333
